[Event "ICC tourney 2212 (3 2)"]
[Site "Internet Chess Club"]
[Date "2020.12.18"]
[Round "10"]
[White "breaker90"]
[Black "Harsha777"]
[Result "0-1"]
[ICCResult "White checkmated"]
[WhiteElo "2112"]
[BlackElo "2559"]
[Opening "Sicilian: Nimzovich-Rossolimo attack (with ...g6, without ...d6)"]
[ECO "B31"]
[NIC "SI.31"]
[Time "22:19:27"]
[TimeControl "180+2"]

1. e4 c5 2. Nf3 Nc6 3. Bb5 g6 4. O-O Bg7 5. c3 Nf6 6. Re1 O-O 7. d4 d5 8. e5
Ne4 9. h3 Qb6 10. Bxc6 Qxc6 11. Nbd2 Bf5 12. Qe2 b6 13. g4 Nxd2 14. gxf5 Ne4
15. Nh4 f6 16. fxg6 fxe5 17. gxh7+ Kxh7 18. Qh5+ Kg8 19. dxe5 Nxf2 20. Nf5
Rxf5 21. Qxf5 Rf8 22. Qh5 d4 23. Kh2 Nd3 24. Rg1 Rf2+ 25. Kg3 Qe4 26. Bg5
Bxe5+ 27. Bf4 Qxf4# {White checkmated} 0-1

[Event "ICC tourney 2212 (3 2)"]
[Site "Internet Chess Club"]
[Date "2020.12.18"]
[Round "10"]
[White "Openyagami"]
[Black "chessrex"]
[Result "1-0"]
[ICCResult "Black checkmated"]
[WhiteElo "2604"]
[BlackElo "1958"]
[Opening "English opening"]
[ECO "A10"]
[NIC "EO.64"]
[Time "22:19:08"]
[TimeControl "180+2"]

1. c4 g5 2. Nc3 h6 3. d4 Bg7 4. e4 d6 5. h4 g4 6. Nge2 e5 7. Be3 c6 8. d5 c5
9. Ng3 Nf6 10. h5 a6 11. a4 Nh7 12. Be2 Nf6 13. Nf5 Bxf5 14. exf5 g3 15.
fxg3 Nbd7 16. g4 e4 17. Qc2 Qe7 18. O-O Ne5 19. Rf4 O-O-O 20. Nxe4 Nxe4 21.
Rxe4 Rhe8 22. b4 Qc7 23. Rb1 Kb8 24. Qd2 Nd7 25. Rxe8 Rxe8 26. Bf4 cxb4 27.
Qxb4 Nc5 28. Bf3 Bd4+ 29. Kh1 Be5 30. Bxe5 Rxe5 31. Qd2 Nxa4 32. Qxh6 Qxc4
33. Qxd6+ Qc7 34. Qxc7+ Kxc7 35. h6 f6 36. d6+ Kxd6 37. Rxb7 Re8 38. Rf7 Ke5
39. Bc6 Rh8 40. Bxa4 Rxh6+ 41. Kg1 Kf4 42. Bd1 Kg5 43. Ra7 Rh8 44. Rxa6 Rd8
45. Bf3 Rc8 46. Ra7 Rc1+ 47. Kh2 Kf4 48. Rf7 Ke5 49. Re7+ Kf4 50. Rf7 Kg5
51. Rg7+ Kf4 52. g5 Kxf5 53. gxf6 Kxf6 54. Ra7 Rc5 55. g4 Kg5 56. Kg3 Rc3
57. Ra5+ Kf6 58. Kf4 Rb3 59. g5+ Kg7 60. Ra7+ Kg6 61. Be4+ Kh5 62. Rh7#
{Black checkmated}
1-0

[Event "ICC tourney 2212 (3 2)"]
[Site "Internet Chess Club"]
[Date "2020.12.18"]
[Round "10"]
[White "clair"]
[Black "blackjack721"]
[Result "1/2-1/2"]
[ICCResult "Game drawn by repetition"]
[WhiteElo "1682"]
[BlackElo "1492"]
[Opening "Queen's pawn: London system"]
[ECO "A45"]
[NIC "QP.07"]
[Time "22:19:13"]
[TimeControl "180+2"]

1. d4 Nf6 2. Bf4 d5 3. e3 c5 4. c3 a6 5. Nd2 Bf5 6. Ngf3 Nc6 7. Nh4 Be6 8.
Bd3 h6 9. O-O g5 10. Ng6 fxg6 11. Bxg6+ Bf7 12. Bxf7+ Kxf7 13. Be5 h5 14.
Nf3 Nxe5 15. dxe5 Ne4 16. Qc2 e6 17. Rfd1 g4 18. Nh4 Qxh4 19. g3 Qh3 20. c4
Rd8 21. cxd5 exd5 22. Qb3 Rd7 23. Rxd5 Re7 24. Rxc5+ Kg6 25. Rc2 Bh6 26. Qd3
Rxe5 27. Qd4 Rhe8 28. Qd3 h4 29. Rac1 hxg3 30. hxg3 Kh7 31. Rc7+ Kg8 32.
Qb3+ Kh8 33. Qf7 Ng5 34. Qf6+ Kg8 35. Qg6+ Kh8 36. Qf6+ Kg8 37. Qg6+ Kh8 38.
Qf6+ {Game drawn by repetition} 1/2-1/2

[Event "ICC tourney 2212 (3 2)"]
[Site "Internet Chess Club"]
[Date "2020.12.18"]
[Round "10"]
[White "stephenwilly"]
[Black "pmchess98"]
[Result "1-0"]
[ICCResult "Black forfeits on time"]
[WhiteElo "1496"]
[BlackElo "1441"]
[Opening "Two knights defense (Modern bishop's opening)"]
[ECO "C55"]
[NIC "IG.01"]
[Time "22:19:54"]
[TimeControl "180+2"]

1. e4 e5 2. Nf3 Nc6 3. Bc4 Nf6 4. d3 h6 5. a3 Bc5 6. Nc3 d6 7. h3 Be6 8. Nd5
O-O 9. g4 Bxd5 10. exd5 Nd4 11. g5 hxg5 12. Bxg5 b5 13. Nxd4 bxc4 14. Nf5
Qd7 15. Qf3 Nxd5 16. Nxg7 Kxg7 17. Qxd5 Bxf2+ 18. Kxf2 Qf5+ 19. Qf3 Qxf3+
20. Kxf3 f6 21. Be3 Kf7 22. dxc4 Rae8 23. Rhg1 e4+ 24. Ke2 Ke6 25. Bxa7 f5
26. Bd4 f4 27. Rg6+ Kd7 28. Rf1 c5 29. Bc3 e3 30. Rg4 Re4 31. Kd3 e2 32. Re1
Re3+ 33. Kd2 Rxh3 34. Rxe2 f3 35. Rf2 Re8 36. Rf4 {Black forfeits on time}
1-0

[Event "ICC tourney 2212 (3 2)"]
[Site "Internet Chess Club"]
[Date "2020.12.18"]
[Round "10"]
[White "xcelswimmer"]
[Black "Tacticsguy52"]
[Result "1-0"]
[ICCResult "Black resigns"]
[WhiteElo "1920"]
[BlackElo "1845"]
[Opening "QGD: exchange, positional line, 5...c6"]
[ECO "D35"]
[NIC "QO.16"]
[Time "22:19:13"]
[TimeControl "180+2"]

1. d4 d5 2. c4 e6 3. Nc3 Nf6 4. cxd5 exd5 5. Bg5 c6 6. e3 Be7 7. Bd3 O-O 8.
Nf3 Nbd7 9. O-O h6 10. Bh4 Re8 11. Qc2 Nf8 12. h3 Be6 13. Rab1 Qd7 14. Ne5
Qc8 15. b4 N8d7 16. Nxd7 Qxd7 17. b5 Bxh3 18. gxh3 Qxh3 19. Bxf6 Bxf6 20.
Bf5 Qh4 21. bxc6 Qg5+ 22. Kh2 bxc6 23. Rg1 Qh4+ 24. Bh3 Be7 25. Rg4 Bd6+ 26.
f4 Qh5 27. Qf2 Re7 28. Rbg1 g6 29. Rh4 Qxh4 30. Qxh4 Rxe3 31. Nd1 Re2+ 32.
Rg2 Re4 33. Rf2 g5 34. Qxh6 Bxf4+ 35. Kg2 Rae8 36. Bf5 Re1 37. Bh7+ Kh8 38.
Bg6+ Kg8 39. Qh7+ {Black resigns} 1-0

[Event "ICC tourney 2212 (3 2)"]
[Site "Internet Chess Club"]
[Date "2020.12.18"]
[Round "10"]
[White "DejaVu"]
[Black "Kinawa"]
[Result "0-1"]
[ICCResult "White forfeits on time"]
[WhiteElo "1850"]
[BlackElo "1535"]
[Opening "Caro-Kann: Panov-Botvinnik attack"]
[ECO "B13"]
[NIC "CK.03"]
[Time "22:19:11"]
[TimeControl "180+2"]

1. e4 c6 2. d4 d5 3. exd5 cxd5 4. c4 Nf6 5. Nc3 Nc6 6. Bg5 h6 7. Bh4 Bg4 8.
Qa4 g5 9. Bg3 Bg7 10. f3 Bf5 11. O-O-O O-O 12. c5 b6 13. Qxc6 bxc5 14. Ba6
c4 15. Nge2 Bd7 16. Qc5 Be6 17. h4 Nd7 18. Qa3 Qb6 19. hxg5 hxg5 20. Rh5 Nb8
21. Rxg5 Nxa6 22. Nf4 Rae8 23. Nh5 f6 24. Rxg7+ Kh8 {White forfeits on time}
0-1

[Event "ICC tourney 2212 (3 2)"]
[Site "Internet Chess Club"]
[Date "2020.12.18"]
[Round "10"]
[White "baldwinsthename"]
[Black "stocktn2malone"]
[Result "0-1"]
[ICCResult "White checkmated"]
[WhiteElo "1215"]
[BlackElo "1715"]
[Opening "King's Indian defense"]
[ECO "E60"]
[NIC "KI.80"]
[Time "22:19:09"]
[TimeControl "180+2"]

1. c4 Nf6 2. d4 g6 3. Bg5 Bg7 4. Nc3 d6 5. e3 O-O 6. Nf3 c6 7. Bd3 Bg4 8. h3
Bxf3 9. Qxf3 Qa5 10. a3 Qxg5 11. h4 Qg4 12. O-O-O Qxf3 13. gxf3 h5 14. f4
Ng4 15. Rd2 Nd7 16. Rg1 Kh8 17. f5 Bh6 18. Re2 Rg8 19. Kc2 e6 20. fxg6 fxg6
21. e4 Raf8 22. Nd1 e5 23. d5 cxd5 24. exd5 Rf3 25. Be4 Rf4 26. f3 Ngf6 27.
Bd3 g5 28. b3 gxh4 29. Rh1 Rg3 30. Nc3 Rfxf3 31. Ne4 Rxd3 32. Nxg3 Rxg3 33.
Rxh4 Nc5 34. b4 Na4 35. Rhh2 Rxa3 36. c5 dxc5 37. bxc5 Rc3+ 38. Kb1 Rxc5 39.
Rxe5 Bf4 40. Rexh5+ Nxh5 41. Rxh5+ Kg7 42. Rf5 Bd6 43. Ka2 Nc3+ 44. Kb3 Rxd5
45. Rf3 Nb5 46. Kc4 Rc5+ 47. Kd3 Rc3+ 48. Ke4 Rxf3 49. Kxf3 a5 50. Ke2 a4
51. Kd3 a3 52. Kc2 Be5 53. Kb3 Bb2 54. Ka2 Nc3+ 55. Kb3 b5 56. Kc2 b4 57.
Kb3 Kf6 58. Kc2 Ke5 59. Kb3 Kd4 60. Kc2 Kc4 61. Kd2 a2 62. Kc2 a1=Q 63. Kd2
Qc1# {White checkmated} 0-1

[Event "ICC tourney 2212 (3 2)"]
[Site "Internet Chess Club"]
[Date "2020.12.18"]
[Round "10"]
[White "PearsonH"]
[Black "Averyyu321"]
[Result "1-0"]
[ICCResult "Black checkmated"]
[WhiteElo "1756"]
[BlackElo "1739"]
[Opening "Queen's pawn, Mason variation"]
[ECO "D00"]
[NIC "QP.08"]
[Time "22:19:35"]
[TimeControl "180+2"]

1. d4 d5 2. Bf4 Nf6 3. e3 e6 4. Bd3 Be7 5. c3 c5 6. Nd2 O-O 7. h3 Nbd7 8.
Ngf3 b6 9. Ne5 Bb7 10. O-O Rc8 11. Bh2 Nxe5 12. Bxe5 Bd6 13. f4 Bxe5 14.
fxe5 Nd7 15. Qh5 h6 16. g4 c4 17. Bc2 Qg5 18. Qxg5 hxg5 19. e4 f6 20. exf6
gxf6 21. exd5 Bxd5 22. Be4 Kg7 23. Bxd5 exd5 24. Rf5 Rh8 25. Kg2 Rce8 26.
Raf1 Re2+ 27. R1f2 Rxf2+ 28. Kxf2 Rxh3 29. Rxd5 Rh2+ 30. Ke3 Rh3+ 31. Ke2
Nf8 32. Nxc4 Ng6 33. Rd7+ Kf8 34. Rxa7 Nf4+ 35. Kf2 Rh2+ 36. Kf3 Rh3+ 37.
Ke4 Rg3 38. Kf5 Rf3 39. Kxf6 Nd5+ 40. Kxg5 Nf6 41. Ne5 Ne4+ 42. Kh5 Rh3+ 43.
Kg6 Rh2 44. Nc6 Ke8 45. Re7+ Kf8 46. Rxe4 Rxb2 47. a4 Ra2 48. d5 Rb2 49. d6
Rd2 50. Rd4 Rf2 51. d7 Rf6+ 52. Kxf6 Kg8 53. d8=Q+ Kh7 54. Qe7+ Kh6 55. Qg7#
{Black checkmated}
1-0

[Event "ICC tourney 2212 (3 2)"]
[Site "Internet Chess Club"]
[Date "2020.12.18"]
[Round "10"]
[White "Zapateado"]
[Black "TjkTiger"]
[Result "0-1"]
[ICCResult "White resigns"]
[WhiteElo "1908"]
[BlackElo "2602"]
[Opening "Sicilian: Smith-Morra gambit"]
[ECO "B21"]
[NIC "SI.48"]
[Time "22:19:12"]
[TimeControl "180+2"]

1. e4 c5 2. d4 cxd4 3. c3 Nf6 4. Bd3 dxc3 5. Nxc3 Nc6 6. Nf3 d6 7. Bc4 e6 8.
Qe2 Be7 9. O-O O-O 10. Rd1 Bd7 11. Nb5 Na5 12. e5 dxe5 13. Nxe5 Nxc4 14.
Nxd7 Nxd7 15. Qxc4 Nb6 16. Qe2 Nd5 17. Be3 Qa5 18. Nd4 Nxe3 19. Qxe3 Bf6 20.
Nb3 Qb6 21. Qxb6 axb6 22. a4 Bxb2 23. Rab1 Bf6 24. a5 bxa5 25. Nc5 a4 26.
Nd7 a3 27. Nxf8 Kxf8 28. Rxb7 a2 29. g4 a1=Q 30. Rxa1 Rxa1+ 31. Kg2 h6 32.
Rb8+ Ke7 33. Rb7+ Ke8 34. h3 Rd1 35. Rb8+ Rd8 36. Rb7 Rd7 37. Rb8+ Ke7 38.
f4 g5 39. fxg5 hxg5 40. Rg8 Rd3 41. h4 gxh4 42. g5 Rg3+ 43. Kh2 Rxg5 44. Ra8
Rg3 45. Ra4 Be5 46. Kh1 h3 47. Re4 f6 48. Ra4 Rd3 49. Kg1 h2+ 50. Kg2 Rd2+
{White resigns}
0-1

[Event "ICC tourney 2212 (3 2)"]
[Site "Internet Chess Club"]
[Date "2020.12.18"]
[Round "10"]
[White "RG2017"]
[Black "Goran21"]
[Result "0-1"]
[ICCResult "White forfeits on time"]
[WhiteElo "1989"]
[BlackElo "2008"]
[Opening "King's Indian: Gligoric-Taimanov system"]
[ECO "E92"]
[NIC "KI.18"]
[Time "22:19:10"]
[TimeControl "180+2"]

1. d4 Nf6 2. c4 g6 3. Nc3 Bg7 4. e4 d6 5. Nf3 O-O 6. Be2 e5 7. Be3 exd4 8.
Nxd4 Re8 9. f3 Nc6 10. O-O Nh5 11. Re1 Be5 12. g3 Nxg3 13. hxg3 Bxg3 14. Kg2
Nxd4 15. Bxd4 Qg5 16. Rg1 Bh4+ 17. Kh1 Qh6 18. Kg2 Qg5+ 19. Kh1 Qh5 20. Rg2
Bg3+ 21. Kg1 Qh4 22. Bf2 Bxf2+ 23. Rxf2 Bh3 24. Bf1 Qg3+ 25. Bg2 Re5 26. Ne2
Qh4 27. Bxh3 Qxh3 28. Rg2 Qxf3 29. Nc3 Qe3+ 30. Kf1 Re6 31. Qe2 Rf6+ 32. Ke1
Qh3 33. Rd1 c6 34. Kd2 Qh6+ 35. Qe3 Qh5 36. Re1 Re8 37. Rf2 Rxf2+ 38. Qxf2
a6 39. Qd4 Qg5+ 40. Kc2 Qg3 41. Qe3 Qe5 42. Re2 h5 43. Qd3 h4 44. Qf3 Re6
45. Qg4 g5 46. Rf2 b5 47. Rf5 Qh2+ 48. Kb3 bxc4+ 49. Kxc4 d5+ 50. Kb3 Qb8+
51. Kc2 Rg6 52. Rxg5 Qg3 53. Rxg6+ fxg6 54. Qxg3 hxg3 55. Ne2 g2 56. exd5
cxd5 57. Kd3 Kf7 58. Kd4 Ke6 59. b4 Kd6 60. a4 Kc6 61. Ng1 g5 62. Nf3 g4 63.
Ng1 Kd6 64. Ne2 g3 65. Ke3 Ke5 66. Kf3 d4 {White forfeits on time} 0-1

[Event "ICC tourney 2212 (3 2)"]
[Site "Internet Chess Club"]
[Date "2020.12.18"]
[Round "10"]
[White "hackerguru"]
[Black "bopala"]
[Result "1-0"]
[ICCResult "Black forfeits on time"]
[WhiteElo "1756"]
[BlackElo "1939"]
[Opening "French defense, Steiner variation"]
[ECO "A13"]
[NIC "EO.64"]
[Time "22:19:12"]
[TimeControl "180+2"]

1. c4 e6 2. e4 d5 3. exd5 exd5 4. d4 Nf6 5. Nc3 Be7 6. Nf3 O-O 7. cxd5 Nxd5
8. Bc4 Be6 9. Nxd5 Bxd5 10. Be2 Bb4+ 11. Bd2 Bxf3 12. Bxf3 Re8+ 13. Be2 Qxd4
14. Bxb4 Qxb4+ 15. Qd2 Qe4 16. Kf1 Nc6 17. Bd3 Rad8 18. Rd1 Qd4 19. Qc2 Kh8
20. Be2 Qe5 21. Rxd8 Rxd8 22. f3 Nd4 23. Qd2 Ne6 24. Qc2 Nf4 25. g3 Nh3 26.
Kg2 Ng5 27. Rd1 Rxd1 28. Qxd1 Ne6 29. Qd2 Nd4 30. Bf1 Ne6 31. Bc4 Nd4 32.
Bf1 Qd5 33. Qd3 Qe5 34. Kf2 Ne6 35. Kg2 h6 36. Qd2 Nd4 37. Bd3 Ne6 38. Be4
c6 39. Qf2 Nc5 40. Bb1 Ne6 41. Qc2 g6 42. h4 Nd4 43. Qd2 Nf5 44. Qf2 Ne3+
45. Kh2 Nf5 46. Kh3 Qe6 47. g4 Nd6 48. Qd4+ {Black forfeits on time} 1-0

[Event "ICC tourney 2212 (3 2)"]
[Site "Internet Chess Club"]
[Date "2020.12.18"]
[Round "11"]
[White "iszerencsy"]
[Black "breaker90"]
[Result "0-1"]
[ICCResult "White resigns"]
[WhiteElo "1377"]
[BlackElo "2112"]
[Opening "Giuoco Piano"]
[ECO "C54"]
[NIC "IG.02"]
[Time "22:30:31"]
[TimeControl "180+2"]

1. e4 e5 2. Nf3 Nc6 3. Bc4 Bc5 4. c3 Nf6 5. d4 exd4 6. e5 d5 7. Bb5 Ne4 8.
cxd4 Bb6 9. O-O O-O 10. Nc3 Bg4 11. h3 Bxf3 12. gxf3 Nxc3 13. bxc3 Ne7 14.
Bd3 c5 15. Bb2 Ng6 16. Kh2 Qh4 17. Bc1 cxd4 18. Bxg6 fxg6 19. Ba3 Rf5 20.
cxd4 Rh5 21. Rh1 Qxh3+ {White resigns} 0-1

[Event "ICC tourney 2212 (3 2)"]
[Site "Internet Chess Club"]
[Date "2020.12.18"]
[Round "11"]
[White "PearsonH"]
[Black "stephenwilly"]
[Result "1/2-1/2"]
[ICCResult "Game drawn by mutual agreement"]
[WhiteElo "1756"]
[BlackElo "1496"]
[Opening "Queen's pawn, Mason variation"]
[ECO "D00"]
[NIC "QP.08"]
[Time "22:30:22"]
[TimeControl "180+2"]

1. d4 d5 2. Bf4 Nf6 3. e3 Bf5 4. Bd3 Bg6 5. c3 e6 6. Nf3 Bd6 7. Bxd6 Qxd6 8.
Ne5 Nbd7 9. f4 a6 10. h3 Ne4 11. O-O O-O 12. Qc2 Ng3 13. Rf3 Nf5 14. g4 Ne7
15. Bxg6 fxg6 16. Nxd7 Qxd7 17. Nd2 Nc6 18. Raf1 Rae8 19. R3f2 Rf6 20. Nf3
h5 21. Ne5 Nxe5 22. fxe5 Rxf2 23. Qxf2 hxg4 24. hxg4 Qe7 25. Kg2 Rf8 26.
Qxf8+ Qxf8 27. Rxf8+ Kxf8 28. Kf3 g5 29. e4 Kf7 30. exd5 exd5 31. Ke3 Ke6
32. Kd3 g6 33. c4 c6 34. b4 b5 35. cxd5+ cxd5 36. Kc3 Kd7 37. Kb3 Ke6 38. a4
Kd7 39. a5 Ke6 40. Kb2 Kd7 41. Ka1 Ke6 {Game drawn by mutual agreement}
1/2-1/2

[Event "ICC tourney 2212 (3 2)"]
[Site "Internet Chess Club"]
[Date "2020.12.18"]
[Round "11"]
[White "JensenUVA"]
[Black "blackjack721"]
[Result "1-0"]
[ICCResult "Black checkmated"]
[WhiteElo "1516"]
[BlackElo "1492"]
[Opening "QGD: Marshall defense"]
[ECO "A50"]
[NIC "QP.07"]
[Time "22:30:23"]
[TimeControl "180+2"]

1. d4 Nf6 2. c4 d5 3. cxd5 Qxd5 4. Nc3 Qa5 5. Bd2 e6 6. e4 Nc6 7. Nd5 Bb4 8.
Nxb4 Nxb4 9. a3 Nxe4 10. Bxb4 Qf5 11. Qf3 Qg6 12. Bd3 f5 13. Ne2 a5 14. Bc3
Nxc3 15. bxc3 O-O 16. Bc4 Bd7 17. O-O Kh8 18. Nf4 Qh6 19. Rfe1 b5 20. Bxe6
Bxe6 21. Nxe6 Rg8 22. Nxc7 Raf8 23. Nxb5 g5 24. d5 g4 25. Qe3 f4 26. Qe5+
Rg7 27. Nd4 Kg8 28. Ne6 Rgf7 29. Nxf8 Rxf8 30. Qe6+ Qxe6 31. Rxe6 h5 32. d6
h4 33. Rd1 h3 34. gxh3 gxh3 35. d7 Rf5 36. d8=Q+ Kg7 37. Rd7+ Rf7 38. Rxf7+
Kxf7 39. Qd7+ Kg8 40. Re8# {Black checkmated} 1-0

[Event "ICC tourney 2212 (3 2)"]
[Site "Internet Chess Club"]
[Date "2020.12.18"]
[Round "11"]
[White "Jett503"]
[Black "DejaVu"]
[Result "0-1"]
[ICCResult "White resigns"]
[WhiteElo "1435"]
[BlackElo "1850"]
[Opening "Four knights game"]
[ECO "C47"]
[NIC "KP.06"]
[Time "22:30:28"]
[TimeControl "180+2"]

1. e4 e5 2. Nf3 Nc6 3. Nc3 Nf6 4. d3 Bc5 5. Be2 d6 6. O-O a6 7. a3 h6 8. b4
Ba7 9. Bb2 O-O 10. Kh1 Ng4 11. Kg1 f5 12. Nd5 fxe4 13. dxe4 Ne7 14. Nxe7+
Qxe7 15. c4 Be6 16. Nd2 Nxf2 17. Qb3 Nxe4+ 18. Kh1 Nxd2 19. Rxf8+ Rxf8 20.
Qc2 Qg5 21. Bc1 Be3 22. Ra2 Rf2 23. Bf3 Nxf3 {White resigns} 0-1

[Event "ICC tourney 2212 (3 2)"]
[Site "Internet Chess Club"]
[Date "2020.12.18"]
[Round "11"]
[White "Harsha777"]
[Black "Monkeybomb3605"]
[Result "1-0"]
[ICCResult "Black resigns"]
[WhiteElo "2559"]
[BlackElo "2047"]
[Opening "King's Indian: Averbakh system"]
[ECO "E73"]
[NIC "KI.26"]
[Time "22:30:21"]
[TimeControl "180+2"]

1. d4 Nf6 2. c4 g6 3. Nc3 Bg7 4. e4 d6 5. Be2 O-O 6. Bg5 Na6 7. Nf3 Qe8 8.
O-O e5 9. d5 Nc5 10. Nd2 a5 11. b3 h6 12. Be3 Nfd7 13. a3 f5 14. f3 f4 15.
Bf2 g5 16. Rb1 Nf6 17. b4 Na6 18. c5 h5 19. cxd6 cxd6 20. Nb5 Qd8 21. Nc4
Ne8 22. Nb6 Rb8 23. bxa5 Qf6 24. Rc1 Bh3 25. gxh3 g4 26. Nd7 Qg5 27. fxg4
hxg4 28. Bxg4 f3 29. Nxf8 Kxf8 30. Qxf3+ {Black resigns} 1-0

[Event "ICC tourney 2212 (3 2)"]
[Site "Internet Chess Club"]
[Date "2020.12.18"]
[Round "11"]
[White "shaivamkale"]
[Black "clair"]
[Result "0-1"]
[ICCResult "White checkmated"]
[WhiteElo "421"]
[BlackElo "1682"]
[Opening "Robatsch (modern) defense"]
[ECO "B06"]
[NIC "KF.06"]
[Time "22:31:16"]
[TimeControl "180+2"]

1. e4 g6 2. Nf3 Bg7 3. Nc3 e6 4. Bc4 c5 5. d3 Ne7 6. Bf4 d5 7. O-O dxc4 8.
dxc4 Qxd1 9. Rfxd1 O-O 10. Ng5 Nbc6 11. e5 Nxe5 12. Nce4 Nxc4 13. b3 Bxa1
14. c3 Bxc3 15. Nxc3 Nb6 16. Nce4 Ned5 17. Be5 h6 18. Rxd5 Nxd5 19. Nf3 Bd7
20. Nfd2 Bb5 21. Nc4 f6 22. Bd6 Rfd8 23. a4 Bxc4 24. bxc4 Nb4 25. h3 f5 26.
Nf6+ Kf7 27. Be5 Rd1+ 28. Kh2 Nd3 29. Nd7 Nxe5 30. Nxe5+ Kf6 31. Nd7+ Rxd7
32. g3 Rd2 33. Kg2 Rad8 34. Kf3 R8d3+ 35. Kg2 e5 36. Kh2 Rxf2+ 37. Kg1 Rdd2
38. g4 fxg4 39. hxg4 Rg2+ 40. Kf1 Ra2 41. g5+ hxg5 42. a5 Rh2 43. Kg1 g4 44.
a6 b6 45. Kf1 Rh1# {White checkmated} 0-1

[Event "ICC tourney 2212 (3 2)"]
[Site "Internet Chess Club"]
[Date "2020.12.18"]
[Round "11"]
[White "baldwinsthename"]
[Black "Shakhmatova"]
[Result "0-1"]
[ICCResult "White checkmated"]
[WhiteElo "1215"]
[BlackElo "1792"]
[Opening "Queen's pawn"]
[ECO "A40"]
[NIC "QO.17"]
[Time "22:30:27"]
[TimeControl "180+2"]

1. d4 c6 2. c3 d6 3. Bf4 Qc7 4. Nd2 Nd7 5. e4 g6 6. Ngf3 Bg7 7. Bd3 e5 8.
dxe5 dxe5 9. Be3 Ngf6 10. Nf1 Ng4 11. Qd2 Nxe3 12. Qxe3 h5 13. h4 Nf6 14.
Ng3 Ng4 15. Qc5 b6 16. Qc4 Be6 17. Qb4 Bf8 18. Qa4 Bh6 19. Be2 Rd8 20. Ng5
Bd7 21. Bxg4 hxg4 22. O-O-O O-O 23. Qb3 Be6 24. Qc2 f6 25. Rde1 fxg5 26.
hxg5 Bxg5+ 27. Kb1 Rd2 28. Qa4 Rfxf2 29. Ne2 Rfxe2 30. Rxe2 Rxe2 31. Rd1 Qb7
32. Qb4 c5 33. Qb5 Qxe4+ 34. Ka1 Kf7 35. Rf1+ Bf6 36. Rc1 Qc2 37. Rb1 Rd2
38. c4 Bxc4 39. Qc6 e4 40. Qc7+ Be7 41. Qf4+ Kg7 42. Qe5+ Bf6 43. Qc7+ Kh6
44. Rh1+ Kg5 45. Rh5+ gxh5 46. Qxb6 Rd1# {White checkmated} 0-1

[Event "ICC tourney 2212 (3 2)"]
[Site "Internet Chess Club"]
[Date "2020.12.18"]
[Round "11"]
[White "ritterfork"]
[Black "hackerguru"]
[Result "0-1"]
[ICCResult "White forfeits on time"]
[WhiteElo "1846"]
[BlackElo "1756"]
[Opening "Queen's pawn: London system"]
[ECO "A45"]
[NIC "QP.07"]
[Time "22:30:22"]
[TimeControl "180+2"]

1. d4 Nf6 2. Bf4 d5 3. e3 c5 4. c3 Nc6 5. Nd2 e6 6. Ngf3 cxd4 7. cxd4 Nh5 8.
Bg5 f6 9. Bh4 g6 10. Bd3 Be7 11. O-O O-O 12. Rc1 Ng7 13. Qe2 f5 14. Bxe7
Qxe7 15. Nb3 g5 16. Nfd2 e5 17. dxe5 Nxe5 18. Bb1 f4 19. exf4 gxf4 20. Rfe1
Re8 21. Nd4 Qf7 22. Qb5 Nf5 23. Nxf5 Bxf5 24. Bxf5 Qxf5 25. Qxd5+ Kh8
{White forfeits on time}
0-1

[Event "ICC tourney 2212 (3 2)"]
[Site "Internet Chess Club"]
[Date "2020.12.18"]
[Round "11"]
[White "Tacticsguy52"]
[Black "pmchess98"]
[Result "1-0"]
[ICCResult "Black checkmated"]
[WhiteElo "1845"]
[BlackElo "1441"]
[Opening "Scotch: Schmidt variation"]
[ECO "C45"]
[NIC "SO.04"]
[Time "22:30:56"]
[TimeControl "180+2"]

1. e4 e5 2. Nf3 Nc6 3. d4 exd4 4. Nxd4 Nf6 5. Nc3 Nxd4 6. Qxd4 d6 7. Bg5 Be7
8. O-O-O h6 9. Bh4 g5 10. Bg3 Be6 11. e5 c5 12. Qa4+ Bd7 13. Bb5 Nh5 14.
exd6 Bf6 15. Rhe1+ Kf8 16. Bxd7 Nxg3 17. hxg3 Kg7 18. Nd5 a6 19. Nxf6 Qxf6
20. Qb3 b5 21. Qc3 Qxc3 22. bxc3 Rad8 23. Re7 h5 24. Be6 Rhf8 25. Bf5 Kf6
26. Be4 Rxd6 27. Rxd6+ Kxe7 28. Rxa6 f5 29. Bd3 c4 30. Be2 h4 31. gxh4 gxh4
32. Rh6 Rg8 33. Rxh4 Rxg2 34. Rh7+ Kf6 35. Rb7 Rxf2 36. Bd1 f4 37. Rxb5 f3
38. Bxf3 Rxf3 39. Kb2 Ke6 40. a4 Kd6 41. Rb4 Kc5 42. a5 Rf6 43. Ra4 Ra6 44.
Ka3 Kb5 45. Rb4+ Kc5 46. Ka4 Kd5 47. Rb6 Ra8 48. a6 Kc5 49. Rh6 Ra7 50. Ka5
Rg7 51. Rh5+ Kc6 52. Rh4 Rg5+ 53. Kb4 Rc5 54. Rh6+ Kd5 55. Rh5+ Kc6 56.
Rxc5+ Kb6 57. Rxc4 Kxa6 58. Rh4 Kb6 59. Rh6+ Kb7 60. Kb5 Ka7 61. Rh7+ Ka8
62. Kb6 Kb8 63. Rh8# {Black checkmated} 1-0

[Event "ICC tourney 2212 (3 2)"]
[Site "Internet Chess Club"]
[Date "2020.12.18"]
[Round "11"]
[White "stocktn2malone"]
[Black "RG2017"]
[Result "0-1"]
[ICCResult "White checkmated"]
[WhiteElo "1715"]
[BlackElo "1989"]
[Opening "French: Winawer, advance variation"]
[ECO "C16"]
[NIC "FR.09"]
[Time "22:30:37"]
[TimeControl "180+2"]

1. e4 e6 2. d4 d5 3. Nc3 Bb4 4. e5 Ne7 5. Bd2 c5 6. Nb5 Bxd2+ 7. Qxd2 O-O 8.
dxc5 Nd7 9. b4 Nxe5 10. Nd6 b6 11. Nxc8 Rxc8 12. cxb6 Qxb6 13. Ne2 Nc4 14.
Qc3 e5 15. Qb3 d4 16. Ng3 Nd5 17. Bxc4 Qxb4+ 18. Qxb4 Nxb4 19. Bd3 f5 20.
Nxf5 Nxd3+ 21. cxd3 Rxf5 22. O-O Rc3 23. Rfd1 Rc2 24. f3 Rf6 25. Rdb1 Ra6
26. Rb8+ Kf7 27. Rb7+ Kf6 28. a4 Rc3 29. Rd1 Rxa4 30. Kf2 Ra2+ 31. Kg3 Rcc2
32. Rg1 Rd2 33. Rb3 h5 34. h4 a5 35. Rb6+ Kf5 36. Rb5 Rxd3 37. Re1 Re3 38.
Rc1 Ree2 39. Rg1 a4 40. Rb7 Kg6 41. Kh3 a3 42. g4 Rh2+ 43. Kg3 Rab2 44. Rxb2
Rxb2 45. Ra1 a2 46. g5 Kf5 47. f4 e4 48. Rc1 e3 49. Rc5+ Ke4 50. Re5+ Kd3
51. f5 a1=Q 52. f6 Qg1+ 53. Kf4 Qf2# {White checkmated} 0-1

[Event "ICC tourney 2212 (3 2)"]
[Site "Internet Chess Club"]
[Date "2020.12.18"]
[Round "11"]
[White "Averyyu321"]
[Black "yav"]
[Result "1-0"]
[ICCResult "Black resigns"]
[WhiteElo "1739"]
[BlackElo "1216"]
[Opening "Sicilian: Prins (Moscow) variation"]
[ECO "B55"]
[NIC "SI.01"]
[Time "22:30:27"]
[TimeControl "180+2"]

1. e4 c5 2. Nf3 d6 3. d4 cxd4 4. Nxd4 Nf6 5. f3 e5 6. Nb3 Nc6 7. c4 a6 8.
Nc3 Be6 9. Be3 Be7 10. Be2 O-O 11. O-O Rc8 12. Nd2 Na5 13. b3 Nc6 14. Na4
Nd4 15. Bxd4 exd4 16. Nb1 Bd7 17. Qxd4 b5 18. cxb5 axb5 19. Nac3 Rb8 20. Nd2
Qc7 21. Rac1 Qd8 22. Kh1 Qe8 23. Rfd1 b4 24. Nd5 Nxd5 25. Qxd5 Be6 26. Qd4
Qd7 27. Bc4 Bf6 28. Qd3 Bh3 29. Nf1 Bxg2+ 30. Kxg2 Be5 31. Ng3 Qe7 32. Qe3
Qf6 33. Nf5 Qg6+ 34. Kh1 Qh5 35. f4 Bc3 36. Rg1 g6 37. Nxd6 Qa5 38. Qe2 Rfd8
39. e5 Kg7 40. Bxf7 Qc5 41. Ne4 Qe7 42. Bc4 Bd4 43. Rgd1 Qh4 44. Ng5 Re8 45.
Rxd4 Qg4 46. Qxg4 {Black resigns} 1-0

[Event "ICC tourney 2212 (3 2)"]
[Site "Internet Chess Club"]
[Date "2020.12.18"]
[Round "11"]
[White "chessrex"]
[Black "Zapateado"]
[Result "0-1"]
[ICCResult "White checkmated"]
[WhiteElo "1958"]
[BlackElo "1908"]
[Opening "Blackmar-Diemer gambit"]
[ECO "A45"]
[NIC "QP.07"]
[Time "22:30:46"]
[TimeControl "180+2"]

1. d4 Nf6 2. f3 d5 3. e4 dxe4 4. Nc3 exf3 5. Nxf3 g6 6. Bc4 Bg7 7. O-O O-O
8. Qe1 e6 9. Qh4 Nd5 10. Bg5 f6 11. Bh6 c6 12. Bxg7 Kxg7 13. Rae1 Qb6 14.
Bb3 Na6 15. Ne5 g5 16. Qe4 f5 17. Qd3 Nf4 18. Qd2 Rd8 19. Nf3 h6 20. Kh1 c5
21. Na4 Qd6 22. Qc3 cxd4 23. Qd2 Bd7 24. Ne5 Bxa4 25. Bxa4 Nc5 26. Bb3 Ne4
27. Rxe4 fxe4 28. Nc4 Qc5 29. g3 e3 30. Nxe3 dxe3 31. Qc3+ Qxc3 32. bxc3 e2
33. Re1 Rd1 34. gxf4 Rxe1+ 35. Kg2 Rf1 36. Bc4 e1=Q 37. Bxf1 gxf4 38. h3 f3+
39. Kg1 Qg3+ 40. Kh1 Rd8 41. c4 Rd2 42. h4 Qh2# {White checkmated} 0-1